 Dungeon Crawl Stone Soup version 0.30-a0-859-gf88a04b62d (webtiles) character file.

Game seed: 10980171792243414577

4694 Rocko1345 the Jinx (level 10, -9/76 HPs)
             Began as a Gnoll Wanderer on Mar 6, 2023.
             Was an Initiate of Vehumet.
             Killed by vampiric draining
             ... invoked by a vampire
              (15 damage)
             ... on level 7 of the Dungeon on Mar 7, 2023.
             The game lasted 00:28:16 (7466 turns).

Rocko1345 the Jinx (Gnoll Wanderer)                 Turns: 7466, Time: 00:28:17

Health: -9/76      AC: 18    Str: 15    XL:     10   Next: 44%
Magic:  19/19      EV: 12    Int: 13    God:    Vehumet [......]
Gold:   294        SH:  5    Dex: 14    Spells: 11/21 levels left

rFire   x . .      SeeInvis .    u - +8 dagger of Ceoqeom {holy, Dex+3}
rCold   + . .      Faith    .    b - +0 buckler
rNeg    . . .      Spirit   .    n - +4 ring mail "Fiylisur" {rF- rC+ Will+}
rPois   .          Reflect  .    A - +0 helmet
rElec   .          Rampage  .    B - +0 cloak
rCorr   .                        C - +0 pair of gloves
Will    +....                    (no boots)
Stlth   ++                       m - amulet of regeneration
HPRegen 1.12/turn                D - ring of wizardry
MPRegen 0.16/turn                H - +4 ring of protection

@: no status effects
A: fangs 1, strong nose, distributed training
a: Renounce Religion


You were on level 7 of the Dungeon.
You worshipped Vehumet.
Vehumet was noncommittal.
You visited 1 branch of the dungeon, and saw 7 of its levels.

You collected 294 gold pieces.

Inventory:

Hand Weapons
 a - a +1 spear
 f - a +5 hand axe of venom
 i - a +2 long sword of pain
 r - a +2 longbow of freezing
 u - the +8 dagger of Ceoqeom (weapon) {holy, Dex+3}
   (You found it on level 3 of the Dungeon)

   Dex:       It affects your dexterity (+3).
 M - a +2 flail of holy wrath
Missiles
 z - 3 silver javelins
 G - 11 poisoned darts
Armour
 b - a +0 buckler (worn)
 d - a +0 robe
 e - +0 steam dragon scales
 n - the +4 ring mail "Fiylisur" (worn) {rF- rC+ Will+}
   (You found it on level 2 of the Dungeon)

   rF:        It makes you vulnerable to fire.
   rC:        It protects you from cold.
   Will:      It increases your willpower.
 p - an orb of guile
 w - a +0 chain mail
 A - a +0 helmet (worn)
 B - a +0 cloak (worn)
 C - a +0 pair of gloves (worn)
Magical Staves
 h - a staff of fire
Jewellery
 m - an amulet of regeneration (around neck)
 D - a ring of wizardry (left hand)
 H - a +4 ring of protection (right hand)
Wands
 J - a wand of polymorph (9)
Scrolls
 c - 4 scrolls of fog
 g - a scroll of identify
 j - 3 scrolls of enchant weapon
 q - 3 scrolls of immolation {unknown}
 s - a scroll of torment
 x - 3 scrolls of magic mapping {unknown}
 y - a scroll of brand weapon {unknown}
 F - a scroll of vulnerability {unknown}
 I - a scroll of silence {unknown}
 K - a scroll of acquirement {unknown}
 L - a scroll of teleportation
Potions
 k - a potion of haste {unknown}
 l - 4 potions of curing
 o - a potion of might {unknown}
 t - 2 potions of lignification {unknown}
 v - a potion of resistance {unknown}
 E - a potion of brilliance {unknown}


   Skills:
 + Level 6.1 Fighting
 + Level 5.5 Short Blades
 + Level 5.5 Long Blades
 + Level 5.5 Axes
 + Level 5.5 Maces & Flails
 + Level 6.1 Polearms
 + Level 5.5 Staves
 + Level 5.5 Ranged Weapons
 + Level 6.1 Throwing
 + Level 6.1 Armour
 + Level 5.5 Dodging
 + Level 5.5 Stealth
 + Level 6.1 Shields
 + Level 5.5 Unarmed Combat
 + Level 6.2 Spellcasting
 + Level 4.5 Conjurations
 + Level 8.5 Hexes
 + Level 4.5 Summonings
 + Level 4.5 Necromancy
 + Level 4.5 Translocations
 + Level 4.5 Transmutations
 + Level 4.5 Fire Magic
 + Level 4.5 Ice Magic
 + Level 4.5 Air Magic
 + Level 4.5 Earth Magic
 + Level 4.5 Poison Magic
 + Level 6.0 Invocations
 + Level 5.5 Evocations


You had 11 spell levels left.
You knew the following spells:

 Your Spells              Type           Power      Damage    Failure   Level
a - Slow                  Hex            100%       N/A       1%          1
b - Ensorcelled Hibernat  Hex/Ice        42%        N/A       1%          2
c - Fulminant Prism       Conj/Hex       10%        3d8       11%         4
d - Mephitic Cloud        Conj/Pois/Air  15%        N/A       8%          3

Your spell library contained the following spells:

 Spells                   Type           Power      Damage    Failure   Level
 Cigotuvi's Dreadful Rot  Necr/Pois/Air  30%        N/A       3%          2
 Poisonous Vapours        Pois/Air       30%        N/A       3%          2


Dungeon Overview and Level Annotations

Branches:
Dungeon (7/15)             Temple (0/1) D:6

Altars:
Hepliaklqana
Nemelex Xobeh
Vehumet
Zin

Shops:
D:5 [[=


Innate Abilities, Weirdness & Mutations

You have very sharp teeth.
Your uncanny sense of smell can sniff out nearby items.
Your experience applies equally to all skills.


Message History

* * * LOW HITPOINT WARNING * * *
You hit something. Something barely misses you.
Something bites you but does no damage.
Okay, then.
Okay, then.
Your +5 hand axe of venom stops dripping with poison.
You feel agile.
The +8 dagger of Ceoqeom {holy, Dex+3} softly glows with a divine radiance!
u - the +8 dagger of Ceoqeom (weapon)
{holy, Dex+3} Something hits you!
* * * LOW HITPOINT WARNING * * *
Something bites you but does no damage.
You feel better. Something hits you but does no damage.
Something bites you but does no damage.
You barely miss something. You block something's attack.
Something bites you but does no damage.
You hit something. Your bite misses something. You hit something.
Something barely misses you. Something bites you!
* * * LOW HITPOINT WARNING * * *
Something draws strength from your injuries!
You hit something but do no damage. You block something's attack. x2
You hit something but do no damage. Something hits you.
* * * LOW HITPOINT WARNING * * *
Something bites you but does no damage.
You closely miss something. You bite something. You hit something.
Your bite misses something. Something hits you but does no damage.
Something bites you but does no damage.
You hit something. Your bite misses something.
Something hits you but does no damage. Something bites you.
* * * LOW HITPOINT WARNING * * *
Something draws strength from your injuries!
You miss something. You bite something. Something completely misses you.
Something bites you.
* * * LOW HITPOINT WARNING * * *
Something draws strength from your injuries!
You hit something but do no damage. You hit something.
Something draws life force from you!
* * * LOW HITPOINT WARNING * * *
You miss something. Something draws life force from you!
You die...

#.# #V# # # #.# #.# ..#####
#.# #.# ##### ....... . #.#.#
#.... .####... ... #.# #....
.....#.. #..###)###..#.#
###.... .##.........##.#
##...
...<......####.############..
.#######...{@.........)..##..
#################..#.. ##....
#.... #.... #####


There were no monsters in sight!

Vanquished Creatures
  The ghost of ragingrage the Covert, a novice GnDe of Wu Jian (D:4)
  The ghost of baller8008 the Conjurer, a novice DECj of Dithmenos (D:6)
  Sigmund (D:5)
  6 yaks (D:6)
  2 steam dragons
  Menkaure (D:4)
  2 water moccasins (D:7)
  3 ice beasts
  2 ogres
  A black bear (D:6)
  A sky beast (D:7)
  A centaur (D:5)
  A phantom (D:6)
  A kobold brigand (D:7)
  2 bullfrogs
  5 scorpions
  6 killer bees
  A howler monkey (D:7)
  3 jellies
  3 hounds
  A sleepcap (D:7)
  5 orc priests
  A gnoll bouda (D:7)
  Jessica (D:3)
  2 iguanas
  4 orc wizards
  A statue (D:6)
  11 adders
  10 gnolls
  A river rat (D:4)
  4 worms (D:5)
  2 dart slugs
  22 orcs
  10 ball pythons
  2 bats
  6 endoplasms
  3 giant cockroaches
  6 goblins
  2 hobgoblins
  6 kobolds
  7 quokkas
  7 frilled lizards
  6 rats
164 creatures vanquished.

Vanquished Creatures (others)
  4 fulminant prisms (D:6)
4 creatures vanquished.

Grand Total: 168 creatures vanquished

Notes
Turn   | Place    | Note
-------+----------+-------------------------------------------
     0 | D:1      | Rocko1345 the Gnoll Wanderer began the quest for the Orb.
     0 | D:1      | Rocko1345 set off with the following items: a +0 spear, a
                  | +0 buckler, a scroll of fog, a +0 robe; and the following
                  | spell memorised: Slow; and the following spells available
                  | to memorise: Ensorcelled Hibernation, Fulminant Prism.
     0 | D:1      | Reached XP level 1. HP: 17/17 MP: 4/4
   357 | D:1      | Reached XP level 2. HP: 23/23 MP: 5/5
   966 | D:2      | Reached XP level 3. HP: 23/28 MP: 7/7
   975 | D:2      | Identified the +4 ring mail "Fiylisur" {rF- rC+ Will+}
  1182 | D:2      | Reached skill level 1 in Invocations
  1311 | D:2      | Reached skill level 1 in Short Blades
  1311 | D:2      | Reached skill level 1 in Long Blades
  1311 | D:2      | Reached skill level 1 in Axes
  1311 | D:2      | Reached skill level 1 in Maces & Flails
  1311 | D:2      | Reached skill level 1 in Staves
  1311 | D:2      | Reached skill level 1 in Ranged Weapons
  1311 | D:2      | Reached skill level 1 in Dodging
  1311 | D:2      | Reached skill level 1 in Stealth
  1311 | D:2      | Reached skill level 1 in Unarmed Combat
  1311 | D:2      | Reached skill level 1 in Evocations
  1315 | D:2      | Reached XP level 4. HP: 34/34 MP: 8/8
  1328 | D:2      | Reached skill level 1 in Conjurations
  1328 | D:2      | Reached skill level 1 in Summonings
  1328 | D:2      | Reached skill level 1 in Necromancy
  1328 | D:2      | Reached skill level 1 in Translocations
  1328 | D:2      | Reached skill level 1 in Transmutations
  1328 | D:2      | Reached skill level 1 in Fire Magic
  1328 | D:2      | Reached skill level 1 in Ice Magic
  1328 | D:2      | Reached skill level 1 in Air Magic
  1328 | D:2      | Reached skill level 1 in Earth Magic
  1328 | D:2      | Reached skill level 1 in Poison Magic
  1336 | D:2      | Learned a level 2 spell: Ensorcelled Hibernation
  1944 | D:3      | Reached XP level 5. HP: 40/40 MP: 7/9
  2039 | D:3      | Identified the +8 dagger of Ceoqeom {holy, Dex+3}
  2419 | D:3      | Noticed Jessica
  2431 | D:3      | Killed Jessica
  2432 | D:3      | Reached XP level 6. HP: 47/47 MP: 6/11
  2710 | D:4      | Found a runed translucent door.
  2712 | D:4      | Noticed ragingrage's ghost (novice GnDe)
  2740 | D:4      | Found a runed translucent door.
  2880 | D:4      | Found a sparkling altar of Nemelex Xobeh.
  2980 | D:4      | Found a glowing silver altar of Zin.
  3294 | D:4      | Noticed Menkaure
  3304 | D:4      | Killed Menkaure
  3305 | D:4      | Reached XP level 7. HP: 52/52 MP: 12/12
  3687 | D:4      | Killed ragingrage's ghost
  3688 | D:4      | Reached XP level 8. HP: 60/60 MP: 12/14
  3761 | D:5      | Entered Level 5 of the Dungeon
  3983 | D:5      | Noticed Sigmund
  4005 | D:5      | Killed Sigmund
  4275 | D:5      | Found Noruunle's Jewellery Shop.
  4577 | D:5      | Learned a level 4 spell: Fulminant Prism
  4618 | D:5      | Found Ujouch's Armour Boutique.
  4890 | D:5      | Reached XP level 9. HP: 66/66 MP: 16/16
  5042 | D:5      | Found Ecannurr's Antique Armour Shop.
  5472 | D:6      | Reached skill level 5 in Spellcasting
  5667 | D:6      | Found a staircase to the Ecumenical Temple.
  5685 | D:6      | Reached skill level 5 in Fighting
  5685 | D:6      | Reached skill level 5 in Polearms
  5685 | D:6      | Reached skill level 5 in Throwing
  5685 | D:6      | Reached skill level 5 in Armour
  5685 | D:6      | Reached skill level 5 in Shields
  5685 | D:6      | Reached skill level 8 in Hexes
  5860 | D:6      | Reached skill level 5 in Invocations
  6117 | D:6      | Noticed baller8008's ghost (novice DECj)
  6121 | D:6      | Found a runed translucent door.
  6144 | D:6      | Killed baller8008's ghost
  6196 | D:6      | Found a hazy altar of Hepliaklqana.
  6211 | D:6      | Reached skill level 5 in Short Blades
  6211 | D:6      | Reached skill level 5 in Long Blades
  6211 | D:6      | Reached skill level 5 in Axes
  6211 | D:6      | Reached skill level 5 in Maces & Flails
  6211 | D:6      | Reached skill level 5 in Staves
  6211 | D:6      | Reached skill level 5 in Ranged Weapons
  6211 | D:6      | Reached skill level 5 in Dodging
  6211 | D:6      | Reached skill level 5 in Stealth
  6211 | D:6      | Reached skill level 5 in Unarmed Combat
  6211 | D:6      | Reached skill level 5 in Evocations
  6211 | D:6      | Reached XP level 10. HP: 73/76 MP: 18/18
  6488 | D:6      | Found a radiant altar of Vehumet.
  6664 | D:6      | Became a worshipper of Vehumet
  6841 | D:6      | Learned a level 3 spell: Mephitic Cloud
  7466 | D:7      | Killed from afar by a vampire

Illustrated notes

Levels and vault maps discovered:
D:1:      dpeg_arrival_signposts, layout_loops_corners
D:2:      layout_loops_ring
D:3:      layout_loops_corners, minmay_misc_feat_five, kennysheep_jessica_study
D:4:      layout_loops_ring, mainiacjoe_overflow_alcove_1,
          mainiacjoe_overflow_alcove_2, ebering_ghost_sewer_f, kennysheep_donut,
          uniq_menkaure
D:5:      layout_layer_cave, serial_shops,
          nicolae_shop_temple_entry_statues_fountains,
          nicolae_shop_temple_entry_statues_fountains, kennysheep_little_box,
          uniq_sigmund
D:6:      layout_layer_cave, vehumet_statue,
          mainiacjoe_overflow_small_starburst,
          minmay_temple_entry_statues_pillars, hellmonk_ghost_happy_afterlife
D:7:      minmay_the_grid_octo_tiled_squarecenter [minmay_the_grid_octo_horde,
          minmay_the_grid_octo_clover, minmay_the_grid_octo_clover_2,
          minmay_the_grid_octo_checkered,
          minmay_the_grid_square_5x5_megaprize_crossed,
          minmay_the_grid_square_5x5_shrine2, minmay_the_grid_square_5x5_bite,
          minmay_the_grid_square_5x5_eight,
          minmay_the_grid_square_5x5_inverted_slash], layout_rooms

Skill      XL: |  1  2  3  4  5  6  7  8  9 10 |
---------------+-------------------------------+-----
Invocations    | 1 2 3 4 5 6 |  6.0
Short Blades   | 1 2 3 5 |  5.5
Long Blades    | 1 2 3 5 |  5.5
Axes           | 1 2 3 5 |  5.5
Maces & Flails | 1 2 3 5 |  5.5
Staves         | 1 2 3 5 |  5.5
Ranged Weapons | 1 2 3 5 |  5.5
Dodging        | 1 2 3 5 |  5.5
Stealth        | 1 2 3 5 |  5.5
Unarmed Combat | 1 2 3 5 |  5.5
Evocations     | 1 2 3 5 |  5.5
Spellcasting   | 3 4 5 6 |  6.2
Conjurations   | 1 2 3 4 |  4.5
Summonings     | 1 2 3 4 |  4.5
Necromancy     | 1 2 3 4 |  4.5
Translocations | 1 2 3 4 |  4.5
Transmutations | 1 2 3 4 |  4.5
Fire Magic     | 1 2 3 4 |  4.5
Ice Magic      | 1 2 3 4 |  4.5
Air Magic      | 1 2 3 4 |  4.5
Earth Magic    | 1 2 3 4 |  4.5
Poison Magic   | 1 2 3 4 |  4.5
Fighting       | 3 4 5 6 |  6.1
Polearms       | 3 4 5 6 |  6.1
Throwing       | 3 4 5 6 |  6.1
Armour         | 3 4 5 6 |  6.1
Shields        | 3 4 5 6 |  6.1
Hexes          | 8 |  8.5

Action                     |  1- 3 |  4- 6 |  7- 9 | 10-12 || total
---------------------------+-------+-------+-------+-------++-------
  Melee: Hand axe          |    53 |   124 |   166 |   162 ||   505
         Spear             |     4 |       |       |       ||     4
         Bite              |     6 |     7 |    16 |    25 ||    54
         Dagger            |       |     4 |    38 |    12 ||    54
   Cast: Slow              |     8 |     5 |     4 |       ||    17
         Ensorcelled Hiber |       |     5 |     6 |     8 ||    19
         Fulminant Prism   |       |       |     4 |       ||     4
         Mephitic Cloud    |       |       |       |     2 ||     2
    Use: Scroll            |       |     6 |     5 |     1 ||    12
         Potion            |       |       |     3 |     1 ||     4
   Stab: Sleeping          |     1 |     1 |     3 |     1 ||     6
 Armour: Robe              |     4 |       |       |       ||     4
         Ring mail         |    23 |    38 |    95 |   107 ||   263
         Skin              |       |       |     2 |       ||     2
  Dodge: Dodged            |    42 |    68 |   134 |   105 ||   349
  Block: Buckler           |    13 |    22 |    33 |    48 ||   116

Table legend: (Time is in decaauts)
 A = Elapsed time spent in this place.
 B = Non-inter-level travel time spent in this place.
 C = Inter-level travel time spent in this place.
 D = Time resting spent in this place.
 E = Time spent auto-exploring this place.
 F = Levels seen in this place.
 G = Mean time per level.
                   A        B        C        D        E       F      G
               +--------+--------+--------+--------+--------+-----+--------+
         Total |   7544 |   7473 |     71 |   1057 |   3810 |   7 | 1077.7 |
       Dungeon |   7544 |   7473 |     71 |   1057 |   3810 |   7 | 1077.7 |
               +--------+--------+--------+--------+--------+-----+--------+

Top non-repeatable levels by time:
     D:6: 1643 daAuts
     D:5: 1640 daAuts
     D:4: 1074 daAuts
     D:3: 968 daAuts
     D:1: 962 daAuts
     D:2: 802 daAuts
     D:7: 452 daAuts
